Map: Pillars of Gold LE

Players

Nice - Winner!

  • Race: Protoss Protoss
  • Spawn Location: 7:00

Yoger

  • Race: Zerg Zerg
  • Spawn Location: 1:00

Event: DreamHack SC2 Masters 2020 Fall

VOD

Have the link to the VOD?

Description

Time

  • Played on: Aug. 29, 2020, 7:38 a.m.
  • Length: 7:54

All games in this series

Show
View Real Time Build Order
Export as new Build Order

Nice Protoss - Winner!

Build Orders: 1 Gate Expand, Mass Adepts 

Get SALT Encoding   

  12  0:00  Probe  
  13  0:12  Probe  
  14  0:24  Probe  
  14  0:25  Pylon  
  15  0:43  Gateway, Probe (Chrono Boost)  
  16  0:53  Assimilator, Probe (Chrono Boost)  
  17  0:58  Probe (Chrono Boost)  
  18  1:09  Probe  
  19  1:21  Probe  
  20  1:30  Nexus  
  20  1:39  Cybernetics Core  
  20  1:47  Probe  
  20  1:50  Assimilator  
  21  1:55  Pylon  
  21  2:00  Probe  
  22  2:12  Adept (Chrono Boost), Probe  
  25  2:16  Warp Gate  
  25  2:24  Probe  
  26  2:32  Stalker (Chrono Boost)  
  28  2:37  Probe  
  28  2:43  Probe  
  30  2:46  Twilight Council  
  30  2:49  Probe  
  31  2:55  Probe  
  32  3:01  Probe  
  32  3:03  Robotics Facility  
  33  3:07  Probe  
  34  3:13  Resonating Glaives (Chrono Boost), Gateway  
  34  3:18  Adept  
  36  3:21  Probe x2  
  38  3:35  Gateway  
  38  3:40  Gateway  
  38  3:54  Gateway  
  38  3:56  Gateway  
  38  3:57  Warp Prism (Chrono Boost)  
  40  4:09  Adept x2  
  44  4:14  Shield Battery  
  44  4:15  Probe x2  
  46  4:31  Pylon x2  
  46  4:38  Pylon  
  46  4:49  Probe x2  
  48  4:53  Adept x6  
  48  4:57  Pylon  
  60  5:02  Pylon  
  60  5:17  Adept x2  
  60  5:18  Adept x2  
  58  5:37  Adept x3  
  58  5:38  Adept x3  
  70  5:46  Probe x2  
  72  6:01  Adept x2  
  72  6:02  Adept x4  
  70  6:25  Adept  
  70  6:26  Adept x5  
  82  6:35  Immortal  
  82  6:58  Adept x3  
  82  7:14  Immortal (Chrono Boost)  
  82  7:17  Pylon  
  82  7:21  Pylon  
  78  7:32  Adept x3  
  78  7:33  Adept x3  
Show
View Real Time Build Order
Export as new Build Order

Yoger Zerg 

Build Orders: Hatch First 

Get SALT Encoding   

  12  0:00  Drone  
  13  0:12  Overlord  
  13  0:17  Drone  
  14  0:30  Drone  
  14  0:31  Drone  
  16  0:48  Drone  
  17  0:54  Hatchery  
  16  0:58  Drone  
  16  1:01  Drone  
  18  1:13  Extractor  
  18  1:17  Spawning Pool  
  16  1:19  Drone  
  16  1:23  Drone  
  18  1:29  Drone  
  19  1:38  Drone  
  20  1:50  Overlord  
  20  2:04  Queen  
  20  2:05  Queen  
  20  2:06  Zergling x4  
  26  2:15  Metabolic Boost  
  26  2:17  Drone  
  26  2:19  Drone  
  28  2:23  Drone  
  28  2:29  Drone  
  30  2:44  Hatchery  
  30  2:46  Zergling x2  
  30  2:48  Drone  
  31  2:52  Drone  
  31  2:55  Overlord  
  32  3:00  Drone  
  32  3:03  Drone  
  34  3:07  Drone  
  34  3:10  Drone  
  36  3:13  Queen  
  36  3:15  Drone  
  36  3:19  Drone x2  
  41  3:25  Overlord  
  41  3:26  Drone  
  42  3:32  Drone x2  
  44  3:34  Spore Crawler  
  43  3:43  Roach Warren  
  43  3:44  Drone x2  
  45  3:48  Extractor  
  45  3:53  Drone x4  
  48  3:56  Queen  
  48  4:01  Overlord  
  50  4:05  Drone x2  
  50  4:07  Extractor  
  51  4:16  Overlord  
  51  4:24  Roach  
  51  4:25  Roach x5  
  51  4:29  Roach  
  65  4:36  Roach x2, Zergling x4  
  71  4:40  Zergling x4  
  73  4:46  Lair  
  73  4:48  Spore Crawler  
  72  4:54  Spore Crawler x2  
  70  5:00  Roach  
  70  5:01  Roach  
  73  5:10  Overlord x2  
  67  5:25  Roach x3  
  69  5:46  Glial Reconstitution  
  69  5:48  Roach, Zergling x12  
  69  6:04  Roach  
  69  6:05  Roach x2  
  69  6:06  Zergling x2  
  64  6:18  Zergling x8  
  67  6:34  Roach, Zergling x2  
  68  6:43  Roach  
  58  6:49  Roach x2  
  58  6:50  Roach x2  
  63  6:57  Zergling x4  
  63  6:58  Zergling x2  
  53  7:13  Zergling x2  

Tags
 
Add a new tag
Caveats
  • Supply blocks, unpowered buildings, or Contaminate may cause inaccurate times.
  • Supply counts are checked every 10 seconds.